| TOP OF THE 1ST |
|
Brockton Rox batting - Pitching for New Jersey Devils : LHP Chris Fox
|
|
Pitching: LHP Chris Fox
|
|
|
Batting: LHB Darby Starburster
|
0-0: Called Strike 0-1: Ball 1-1: Foul Ball, location: 2F 1-2: Ball 2-2: SINGLE (Groundball, 5D, EV 101.2 MPH)
|
|
Batting: RHB Jose Blocker
|
0-0: Called Strike 0-1: Foul Ball, location: 2F 0-2: Foul Ball, location: 2F 0-2: Strikes out swinging
|
|
Batting: RHB Matt Walker
|
0-0: Fielders Choice at 2nd, 5-4 (Groundball, 5, EV 83.8 MPH)
|
|
Batting: RHB Chris Zubia
|
0-0: Ball 1-0: Called Strike 1-1: Ball 2-1: Ball 3-1: Called Strike 3-2: Base on Balls Matt Walker to second
|
|
Batting: SHB Mel Gonzalez
|
0-0: Ball 1-0: Called Strike 1-1: Swinging Strike 1-2: Foul Ball, location: 2F 1-2: Strikes out swinging
|
| Top of the 1st over - 0 runs, 1 hit, 0 errors, 2 left on base; Brockton 0 - New Jersey 0 |
| BOTTOM OF THE 1ST |
|
New Jersey Devils batting - Pitching for Brockton Rox : RHP Nate Rollyson
|
|
Pitching: RHP Nate Rollyson
|
|
|
Batting: RHB Oscar Ramirez
|
0-0: Ball 1-0: Ball 2-0: Ball 3-0: Base on Balls
|
|
Batting: RHB Duk-yoon Park
|
0-0: Called Strike 0-1: Called Strike 0-2: Ball 1-2: Ball 2-2: Strikes out swinging
|
|
Batting: RHB Sergio Andrada
|
0-0: Ball Oscar Ramirez is caught stealing 2nd base 2-4 1-0: Swinging Strike 1-1: Ball 2-1: Foul Ball, location: 2F 2-2: Foul Ball, location: 2F 2-2: Strikes out swinging
|
| Bottom of the 1st over - 0 runs, 0 hits, 0 errors, 0 left on base; Brockton 0 - New Jersey 0 |
| TOP OF THE 2ND |
|
Brockton Rox batting - Pitching for New Jersey Devils : LHP Chris Fox
|
|
Batting: LHB Joe Martens
|
0-0: Called Strike 0-1: Ball 1-1: Ball 2-1: Swinging Strike 2-2: Foul Ball, location: 2F 2-2: Ball 3-2: Strikes out swinging
|
|
Batting: SHB Zach Clark
|
0-0: Foul Ball, location: 2F 0-1: Foul Ball, location: 2F 0-2: Strikes out swinging
|
|
Batting: RHB Jeremy Valk
|
0-0: Swinging Strike 0-1: Ball 1-1: Ball 2-1: Called Strike 2-2: Strikes out swinging
|
| Top of the 2nd over - 0 runs, 0 hits, 0 errors, 0 left on base; Brockton 0 - New Jersey 0 |
| BOTTOM OF THE 2ND |
|
New Jersey Devils batting - Pitching for Brockton Rox : RHP Nate Rollyson
|
|
Batting: SHB Danny Tapia Jr.
|
0-0: Called Strike 0-1: SINGLE (Groundball, 3S, EV 66.2 MPH) (infield hit)
|
|
Batting: LHB Mike Bolock
|
0-0: Ball 1-0: Ball 2-0: Called Strike 2-1: Ball 3-1: Base on Balls Danny Tapia Jr. to second
|
|
Batting: RHB Jacob Olander
|
0-0: Called Strike 0-1: Ball 1-1: Ball 2-1: Swinging Strike 2-2: Fly out, F9 (Flyball, 9LM, EV 90.0 MPH)
|
|
Batting: LHB Rodolfo Alvarez
|
0-0: Called Strike 0-1: Ball 1-1: Ball 2-1: Foul Ball, location: 2F 2-2: Fly out, F9 (Flyball, 89M, EV 90.0 MPH) Runner from 2nd tags up, SAFE at 3rd with throw by RF
|
|
Batting: LHB Jason Miller
|
0-0: Called Strike 0-1: Ball 1-1: Called Strike 1-2: Fielders Choice at 2nd, U6 (Groundball, 6M, EV 84.4 MPH)
|
| Bottom of the 2nd over - 0 runs, 1 hit, 0 errors, 2 left on base; Brockton 0 - New Jersey 0 |
| TOP OF THE 3RD |
|
Brockton Rox batting - Pitching for New Jersey Devils : LHP Chris Fox
|
|
Batting: LHB Alexis Toxqui
|
0-0: Fly out, F7 (Flyball, 78S, EV 87.5 MPH)
|
|
Batting: LHB Darby Starburster
|
0-0: Ball 1-0: Ball 2-0: Foul Ball, location: 2F 2-1: Ball 3-1: Called Strike 3-2: Strikes out swinging
|
|
Batting: RHB Jose Blocker
|
0-0: Foul Ball, location: 2F 0-1: Ball 1-1: Ball 2-1: Swinging Strike 2-2: Strikes out swinging
|
| Top of the 3rd over - 0 runs, 0 hits, 0 errors, 0 left on base; Brockton 0 - New Jersey 0 |
| BOTTOM OF THE 3RD |
|
New Jersey Devils batting - Pitching for Brockton Rox : RHP Nate Rollyson
|
|
Batting: RHB Torsten Hodensack
|
0-0: Foul Ball, location: 2F 0-1: Swinging Strike 0-2: Ground out 5-3 (Groundball, 56S, EV 73.8 MPH)
|
|
Batting: RHB Oscar Ramirez
|
0-0: Called Strike 0-1: Ground out 4-3 (Groundball, 4, EV 83.8 MPH)
|
|
Batting: RHB Duk-yoon Park
|
0-0: Ball 1-0: Swinging Strike 1-1: Fly out, F8 (Flyball, 78M, EV 96.2 MPH)
|
| Bottom of the 3rd over - 0 runs, 0 hits, 0 errors, 0 left on base; Brockton 0 - New Jersey 0 |
| TOP OF THE 4TH |
|
Brockton Rox batting - Pitching for New Jersey Devils : LHP Chris Fox
|
|
Batting: RHB Matt Walker
|
0-0: Ball 1-0: Ball 2-0: Called Strike 2-1: Ball 3-1: Foul Ball, location: 2F 3-2: Strikes out swinging
|
|
Batting: RHB Chris Zubia
|
0-0: Ball 1-0: SINGLE (Flyball, 8LS, EV 91.9 MPH)
|
|
Batting: SHB Mel Gonzalez
|
0-0: Swinging Strike 0-1: Swinging Strike 0-2: Strikes out swinging
|
|
Batting: LHB Joe Martens
|
0-0: Ground out 4-3 (Groundball, 34, EV 81.9 MPH)
|
| Top of the 4th over - 0 runs, 1 hit, 0 errors, 1 left on base; Brockton 0 - New Jersey 0 |
| BOTTOM OF THE 4TH |
|
New Jersey Devils batting - Pitching for Brockton Rox : RHP Nate Rollyson
|
|
Batting: RHB Sergio Andrada
|
0-0: Ball 1-0: Ground out 6-3 (Groundball, 6MD, EV 98.1 MPH)
|
|
Batting: SHB Danny Tapia Jr.
|
0-0: SOLO HOME RUN (Flyball, 89XD, EV 104.4 MPH), Distance : 421 ft
|
|
Batting: LHB Mike Bolock
|
0-0: Swinging Strike 0-1: Swinging Strike 0-2: Ball 1-2: Strikes out swinging
|
|
Batting: RHB Jacob Olander
|
0-0: Called Strike 0-1: Ball 1-1: Swinging Strike 1-2: Strikes out swinging
|
| Bottom of the 4th over - 1 run, 1 hit, 0 errors, 0 left on base; Brockton 0 - New Jersey 1 |
| TOP OF THE 5TH |
|
Brockton Rox batting - Pitching for New Jersey Devils : LHP Chris Fox
|
|
Batting: SHB Zach Clark
|
0-0: Called Strike 0-1: Ball 1-1: Fly out, F8 (Flyball, 8RD, EV 91.9 MPH)
|
|
Batting: RHB Jeremy Valk
|
0-0: Ball 1-0: Called Strike 1-1: Ball 2-1: Ball 3-1: Base on Balls
|
|
Batting: LHB Alexis Toxqui
|
0-0: Fly out, F7 (Flyball, 78S, EV 88.8 MPH)
|
|
Batting: LHB Darby Starburster
|
0-0: DOUBLE (Line Drive, 78M, EV 96.9 MPH) Jeremy Valk to third Runner from 3rd tries for Home, SAFE, throw by LF to home
|
|
Batting: RHB Jose Blocker
|
0-0: Called Strike 0-1: Foul Ball, location: 2F 0-2: Ball 1-2: Strikes out looking
|
| Top of the 5th over - 1 run, 1 hit, 0 errors, 1 left on base; Brockton 1 - New Jersey 1 |
| BOTTOM OF THE 5TH |
|
New Jersey Devils batting - Pitching for Brockton Rox : RHP Nate Rollyson
|
|
Batting: LHB Rodolfo Alvarez
|
0-0: Called Strike 0-1: Called Strike 0-2: Strikes out swinging
|
|
Batting: LHB Jason Miller
|
0-0: Called Strike 0-1: Foul Ball, location: 2F 0-2: Strikes out looking
|
|
Batting: RHB Torsten Hodensack
|
0-0: Called Strike 0-1: Ball 1-1: Ground out 5-3 (Groundball, 56, EV 83.1 MPH)
|
| Bottom of the 5th over - 0 runs, 0 hits, 0 errors, 0 left on base; Brockton 1 - New Jersey 1 |
| TOP OF THE 6TH |
|
Brockton Rox batting - Pitching for New Jersey Devils : LHP Chris Fox
|
|
Batting: RHB Matt Walker
|
0-0: Ground out 6-3 (Groundball, 6, EV 91.2 MPH)
|
|
Batting: RHB Chris Zubia
|
0-0: Ball 1-0: Ball 2-0: Foul Ball, location: 2F 2-1: Ball 3-1: Base on Balls
|
|
Batting: SHB Mel Gonzalez
|
0-0: Ball 1-0: Swinging Strike 1-1: SINGLE (Groundball, 6S, EV 71.2 MPH) (infield hit) Chris Zubia to second
|
|
Pinch Runner at 2nd Joe Lewis:
|
|
|
Batting: LHB Joe Martens
|
0-0: Foul Ball, location: 2F 0-1: Called Strike Joe Lewis steals 3rd base 0-2: Ball 1-2: Strikes out looking
|
|
Batting: SHB Zach Clark
|
0-0: Ball 1-0: Ball 2-0: Ball 3-0: Base on Balls Mel Gonzalez to second
|
|
Batting: RHB Jeremy Valk
|
0-0: Called Strike 0-1: Swinging Strike 0-2: Ball 1-2: DOUBLE (Line Drive, 89D, EV 108.8 MPH) Joe Lewis scores Mel Gonzalez scores Zach Clark to third Runner from 3rd tries for Home, SAFE, throw by RF to trailing runner, SAFE at third!
|
|
Batting: LHB Alexis Toxqui
|
0-0: Ball 1-0: Ball 2-0: Swinging Strike 2-1: Ground out 6-3 (Groundball, 4M, EV 79.4 MPH)
|
| Top of the 6th over - 3 runs, 2 hits, 0 errors, 1 left on base; Brockton 4 - New Jersey 1 |
| BOTTOM OF THE 6TH |
|
New Jersey Devils batting - Pitching for Brockton Rox : RHP Nate Rollyson
|
|
Now at 3B: Matt Walker
|
|
|
Now in RF: Jim Connel
|
|
|
Batting: RHB Oscar Ramirez
|
0-0: Called Strike 0-1: Ball 1-1: Ground out 6-3 (Groundball, 6, EV 96.2 MPH)
|
|
Batting: RHB Duk-yoon Park
|
0-0: SINGLE (Line Drive, 89S, EV 100.0 MPH)
|
|
Batting: RHB Sergio Andrada
|
0-0: Ball 1-0: Ball 2-0: Ball 3-0: Called Strike 3-1: Base on Balls Duk-yoon Park to second
|
|
Batting: SHB Danny Tapia Jr.
|
0-0: Foul Ball, location: 2F 0-1: Fly out, F8 (Flyball, 89D, EV 89.4 MPH) Runner from 2nd tags up, OUT at 3rd! 8-5
|
| Bottom of the 6th over - 0 runs, 1 hit, 0 errors, 1 left on base; Brockton 4 - New Jersey 1 |
| TOP OF THE 7TH |
|
Brockton Rox batting - Pitching for New Jersey Devils : LHP Chris Fox
|
|
Batting: LHB Darby Starburster
|
0-0: Ball 1-0: Swinging Strike 1-1: Ground out 1-3 (Groundball, 13S, EV 70.6 MPH)
|
|
Batting: RHB Jose Blocker
|
0-0: Ball 1-0: Called Strike 1-1: Fly out, F8 (Flyball, 8LM, EV 86.9 MPH)
|
|
Batting: RHB Matt Walker
|
0-0: Ball 1-0: Called Strike 1-1: SINGLE (Groundball, 6D, EV 103.1 MPH)
|
|
Pitching: LHP Adam Howell
|
|
|
Batting: LHB Jim Connel
|
0-0: Called Strike 0-1: Ball 1-1: Ground out 4-3 (Groundball, 3, EV 76.9 MPH)
|
| Top of the 7th over - 0 runs, 1 hit, 0 errors, 1 left on base; Brockton 4 - New Jersey 1 |
| BOTTOM OF THE 7TH |
|
New Jersey Devils batting - Pitching for Brockton Rox : RHP Nate Rollyson
|
|
Batting: LHB Mike Bolock
|
0-0: Foul Ball, location: 2F 0-1: Foul Ball, location: 2F 0-2: Ball 1-2: Ball 2-2: Ball 3-2: Foul Ball, location: 2F 3-2: Strikes out swinging
|
|
Pitching: RHP Jason Metaxas
|
|
|
Batting: RHB Jacob Olander
|
0-0: Ball 1-0: Swinging Strike 1-1: Ball 2-1: Foul Ball, location: 2F 2-2: Fly out, F8 (Line Drive, 8LM, EV 101.2 MPH)
|
|
Batting: LHB Rodolfo Alvarez
|
0-0: Fly out, F5 (Popup, 5SF, EV 75.0 MPH)
|
| Bottom of the 7th over - 0 runs, 0 hits, 0 errors, 0 left on base; Brockton 4 - New Jersey 1 |
| TOP OF THE 8TH |
|
Brockton Rox batting - Pitching for New Jersey Devils : LHP Adam Howell
|
|
Batting: SHB Mel Gonzalez
|
0-0: Ball 1-0: Called Strike 1-1: Swinging Strike 1-2: Strikes out swinging
|
|
Batting: LHB Joe Martens
|
0-0: Ball 1-0: Called Strike 1-1: Swinging Strike 1-2: Foul Ball, location: 2F 1-2: Foul Ball, location: 2F 1-2: Ball 2-2: Foul Ball, location: 2F 2-2: Strikes out swinging
|
|
Batting: SHB Zach Clark
|
0-0: Ball 1-0: Swinging Strike 1-1: Swinging Strike 1-2: Ball 2-2: Ball 3-2: Strikes out swinging
|
| Top of the 8th over - 0 runs, 0 hits, 0 errors, 0 left on base; Brockton 4 - New Jersey 1 |
| BOTTOM OF THE 8TH |
|
New Jersey Devils batting - Pitching for Brockton Rox : RHP Jason Metaxas
|
|
Batting: LHB Jason Miller
|
0-0: Called Strike 0-1: Ball 1-1: Called Strike 1-2: Strikes out swinging
|
|
Pinch Hitting: LHB Miguel Quizhpi
|
0-0: Ball 1-0: Ball 2-0: Called Strike 2-1: Foul Ball, location: 2F 2-2: SOLO HOME RUN (Flyball, 9LD, EV 95.0 MPH), Distance : 383 ft
|
|
Pinch Hitting: LHB Tao Li
|
0-0: Ball 1-0: Ball 2-0: Ground out 5-3 (Groundball, 56, EV 90.0 MPH)
|
|
Pinch Hitting: LHB Joel Sandoval
|
0-0: Foul Ball, location: 2F 0-1: Foul Ball, location: 2F 0-2: Strikes out swinging
|
| Bottom of the 8th over - 1 run, 1 hit, 0 errors, 0 left on base; Brockton 4 - New Jersey 2 |
| TOP OF THE 9TH |
|
Brockton Rox batting - Pitching for New Jersey Devils : LHP Adam Howell
|
|
Now at 3B: Matt Reynolds
|
|
|
Now at SS: Ted Hickey
|
|
|
Now in RF: Miguel Quizhpi
|
|
|
Batting: RHB Jeremy Valk
|
0-0: Ball 1-0: Ball 2-0: Foul Ball, location: 2F 2-1: Called Strike 2-2: Strikes out swinging
|
|
Batting: LHB Alexis Toxqui
|
0-0: Swinging Strike 0-1: Swinging Strike 0-2: Strikes out swinging
|
|
Batting: LHB Darby Starburster
|
0-0: Ball 1-0: Ball 2-0: Foul Ball, location: 2F 2-1: Foul Ball, location: 2F 2-2: Ground out 6-3 (Groundball, 6, EV 97.5 MPH)
|
| Top of the 9th over - 0 runs, 0 hits, 0 errors, 0 left on base; Brockton 4 - New Jersey 2 |
| BOTTOM OF THE 9TH |
|
New Jersey Devils batting - Pitching for Brockton Rox : RHP Jason Metaxas
|
|
Pitching: RHP Dillon Ekwall
|
|
|
Pinch Hitting: SHB Adonis Jones
|
0-0: Called Strike 0-1: Swinging Strike 0-2: Ball 1-2: Foul Ball, location: 2F 1-2: Ball 2-2: Foul Ball, location: 2F 2-2: Ball 3-2: Reached on error, E3 (Groundball, 34, EV 85.6 MPH)
|
|
Pinch Hitting: RHB John Carpenter
|
0-0: Ball 1-0: Fly out, F9 (Flyball, 9D, EV 98.1 MPH)
|
|
Pinch Hitting: LHB John Stokes
|
0-0: Called Strike 0-1: Ball 1-1: Ball 2-1: Fly out, F9 (Flyball, 89M, EV 83.8 MPH)
|
|
Batting: RHB Jacob Olander
|
0-0: DOUBLE (Flyball, 9LM, EV 114.4 MPH) Adonis Jones to third
|
|
Pinch Hitting: LHB Hakizimana Kubweza
|
0-0: Called Strike 0-1: Called Strike 0-2: Strikes out looking
|
| Bottom of the 9th over - 0 runs, 1 hit, 1 error, 2 left on base; Brockton 4 - New Jersey 2 |
|